AoeStats
← Imperio Argentino

Arena

509259502Analyzed
3v3 RM · 6d ago on Sep 26, 2026· 39m 30s· 6 players
Game mode
Random Map
Map size
Normal (6 player)
Population
200
Speed
Normal
Resources
Standard
Victory
Conquest
Starting age
Dark Age
Ending age
Imperial Age
RankedLock teamsTeams togetherTeam positionsShared explorationLock speedFull tech treeHidden civsTurbo modeCheats
Victory
Defeat
🇨🇱 Turks · Chile
818
+10
🇨🇱 Byzantines · Chile
653
+17
🇨🇱 Franks · Chile
622
+18
🇦🇷 Koreans · Argentina
752
-19
🇨🇦 Khmer · Canada
683
-15
🇦🇷 Lithuanians · Argentina
577
-11
RodDurante
3:08 Loom
15:19 Feudal Age
16:47 Wheelbarrow
15:57 Horse Collar
16:05 Double-Bit Axe
16:14 Gold Mining
16:27 Stone Mining
26:50 Castle Age
25:22 Bloodlines
25:49 Scale Barding Armor
26:05 Forging
28:01 Hand Cart
27:48 Heavy Plow
28:02 Bow Saw
28:30 Stone Shaft Mining
28:42 Gold Shaft Mining
28:26 Husbandry
28:58 Caravan
31:47 Iron Casting
34:35 Tusk Swords
35:09 Chain Barding Armor
38:22 Imperial Age
38:51 Cavalier
SherlockLopez Arg.
0:29 Loom
12:20 Feudal Age
12:52 Gold Mining
12:51 Double-Bit Axe
14:04 Stone Mining
15:58 Wheelbarrow
17:51 Horse Collar
22:36 Castle Age
25:30 Fletching
26:05 Hand Cart
27:22 Bow Saw
31:47 Imperial Age
30:04 Forging
33:11 Gold Shaft Mining
33:22 Scale Barding Armor
35:12 Heavy Plow
35:58 Conscription
36:29 Pikeman
37:10 Squires
36:53 Treadmill Crane
37:09 Murder Holes
38:21 Eupseong
38:58 Stone Shaft Mining
Imperio Argentino
1:58 Loom
14:08 Feudal Age
18:46 Wheelbarrow
18:02 Gold Mining
17:58 Double-Bit Axe
17:56 Horse Collar
18:27 Stone Mining
18:32 Town Watch
21:40 Castle Age
22:29 Forging
22:25 Scale Barding Armor
23:26 Hand Cart
25:23 Stone Shaft Mining
26:40 Bow Saw
30:57 Heavy Plow
33:51 Iron Casting
33:37 Chain Barding Armor
33:28 Town Patrol
34:21 Bloodlines
34:12 Husbandry
34:37 Padded Archer Armor
34:27 Fletching
Biack Spawn
10:33 Feudal Age
12:25 Horse Collar
15:37 Castle Age
13:46 Horse Collar
13:59 Double-Bit Axe
17:19 Wheelbarrow
20:36 Loom
23:27 Hand Cart
25:29 Loom
28:59 Imperial Age
27:10 Bloodlines
27:02 Husbandry
26:57 Town Watch
29:03 Gold Mining
29:26 Bow Saw
30:29 Ballistics
31:08 Padded Archer Armor
32:23 Leather Archer Armor
31:59 Fletching
32:43 Heavy Plow
33:46 Town Patrol
34:05 Fortified Wall
33:51 Murder Holes
33:36 Treadmill Crane
34:45 Conscription
36:01 Two-Man Saw
36:32 Bodkin Arrow
38:03 Ring Archer Armor
37:48 Bracer
38:47 Caravan
39:00 Masonry
nachoverapp
2:14 Loom
12:44 Feudal Age
16:55 Horse Collar
17:04 Double-Bit Axe
21:34 Castle Age
21:55 Gold Mining
21:55 Stone Mining
29:42 Imperial Age
29:07 Wheelbarrow
32:20 Conscription
32:28 Heavy Plow
34:37 Gold Shaft Mining
35:18 Stone Shaft Mining
34:18 Pikeman
37:31 Hand Cart
37:32 Caravan
37:21 Elite Cataphract
dfelicep
12:37 Feudal Age
14:40 Double-Bit Axe
20:45 Castle Age
20:27 Gold Mining
20:28 Stone Mining
21:05 Scale Barding Armor
21:10 Forging
22:18 Bow Saw
24:47 Husbandry
27:16 Wheelbarrow
31:34 Imperial Age
33:11 Iron Casting
35:32 Hand Cart
35:52 Cavalier
36:54 Chain Barding Armor
38:58 Gold Shaft Mining
39:16 Conscription
Connection lost

Rejoining the realm…

Still unreachable

The connection could not be restored.

Session expired

The server has moved on; the page needs a fresh start.